 Dungeon Crawl Stone Soup version 0.29.1-12-g30fa7ad0bf (webtiles) character file.

Game seed: 11336570572555285849

29750 FexLirch the Eclecticist (level 14, -3/105 HPs)
             Began as a Meteoran Earth Elementalist on Jan 3, 2023.
             Was the Champion of Cheibriados.
             Killed from afar by a molten gargoyle (9 damage)
             ... with a bolt of magma
             ... on level 5 of the Lair of Beasts.
             The game lasted 00:58:28 (4019 turns).

FexLirch the Eclecticist (MeEE)                     Turns: 4019, Time: 00:58:28

Health: -3/105     AC: 13    Str: 28    XL:     14   Next: 18%
Magic:  15/36      EV: 26    Int: 35    God:    Cheibriados [******]
Gold:   528        SH:  0    Dex: 32    Spells: 16/47 levels left

rFire   x . .      SeeInvis .   r - +7 falchion "Neirresa" {spect, Dex+3}
rCold   + . .      Faith    .   S - orb {light}
rNeg    . . .      Spirit   .   s - +5 robe of Misfortune {Harm *Corrode *Slow EV+5}
rPois   .          Reflect  .   o - +0 helmet
rElec   .          Harm     +   Q - scarf {shadows}
rCorr   .          Rampage  .   M - +2 pair of gloves {Stlth+}
Will    +....                   d - +1 pair of boots
Stlth   ++........              (no amulet)
HPRegen 0.27/turn               F - ring of wizardry
MPRegen 0.25/turn               N - ring of ice

@: very slightly contaminated, glowing, very slow
A: sense surroundings 2, otherworldly, glowing, explore regen
a: Renounce Religion, Bend Time, Temporal Distortion, Slouch, Step From Time


You were on level 5 of the Lair of Beasts.
You worshipped Cheibriados.
Cheibriados was exalted by your worship.
You visited 4 branches of the dungeon, and saw 20 of its levels.
You also visited: Ossuary and Ice Cave.

You collected 918 gold pieces.
You spent 390 gold pieces at shops.

Inventory:

Hand Weapons
 l - a +2 dagger of venom
 r - the +7 falchion "Neirresa" (weapon) {spect, Dex+3}
   (You took it off a goblin on level 4 of the Dungeon)

   When its wielder attacks, the weapon's spirit leaps out and strikes again.
   The spirit shares a part of any damage it takes with its wielder.
   Dex:       It affects your dexterity (+3).
 T - the +4 spear of the Pariah {vorpal, rN+ rCorr Str+2}
   (You found it in an ice cave)

   It inflicts extra damage upon your enemies.
   Str:       It affects your strength (+2).
   rN:        It protects you from negative energy.
   rCorr:     It protects you from acid and corrosion.
Missiles
 e - 3 silver javelins (quivered)
 H - 4 poisoned darts
 X - 2 throwing nets
Armour
 d - a +1 pair of boots (worn)
 g - a +1 ring mail of cold resistance
 i - +0 acid dragon scales
 o - a +0 helmet (worn)
 s - the +5 robe of Misfortune (worn) {Harm *Corrode *Slow EV+5}
   (You found it on level 6 of the Dungeon)

   EV:        It affects your evasion (+5).
   *Corrode:  It may corrode you when you take damage.
   *Slow:     It may slow you when you take damage.
   Harm:      It increases damage dealt and taken.
 w - a +0 troll leather armour
 M - a +2 pair of gloves of stealth (worn)
 Q - a scarf of shadows (worn)
 S - an orb of light (worn)
Magical Staves
 p - a staff of earth
Jewellery
 h - a ring of resist corrosion
 k - a +4 ring of protection
 u - a +6 ring of strength
 D - a ring of positive energy
 F - a ring of wizardry (left hand)
 N - a ring of ice (right hand)
 W - a ring of flight
Wands
 E - a wand of charming (7)
 L - a wand of light (4)
 R - a wand of roots (1)
 U - a wand of polymorph (4)
Scrolls
 j - 4 scrolls of vulnerability
 m - a scroll of butterflies {unknown}
 n - 3 scrolls of magic mapping
 v - a scroll of noise
 y - a scroll of fear {unknown}
 B - 3 scrolls of identify
 C - a scroll of amnesia {unknown}
 G - a scroll of silence
 J - a scroll of immolation {unknown}
 K - a scroll of enchant weapon {unknown}
 Y - 2 scrolls of teleportation
Potions
 a - 7 potions of curing
 b - a potion of magic
 c - a potion of heal wounds {unknown}
 f - a potion of brilliance {unknown}
 q - 2 potions of haste
 t - 3 potions of attraction {unknown}
 x - a potion of resistance {unknown}
 z - 2 potions of ambrosia
 A - 2 potions of berserk rage
 I - a potion of flight {unknown}
 P - a potion of might {unknown}
 V - a potion of invisibility {unknown}
Miscellaneous
 O - a lightning rod (4/4)


   Skills:
 - Level 4.5 Fighting
 + Level 8.2 Dodging
 - Level 1.4 Stealth
 * Level 17.1 Spellcasting
 - Level 8.3 Conjurations
 - Level 1.2 Transmutations
 * Level 12.2 Fire Magic
 - Level 6.3 Ice Magic
 - Level 6.0 Earth Magic
 - Level 4.0 Poison Magic
 + Level 6.7 Invocations


You had 16 spell levels left.
You knew the following spells:

 Your Spells              Type           Power      Damage    Failure   Level
a - Sandblast             Erth           100%       2d20      1%          1
b - Passwall              Tmut/Erth      44%        N/A       1%          2
c - Stone Arrow           Conj/Erth      100%       3d13      1%          3
d - Olgreb's Toxic Radia  Pois           55%        N/A       1%          4
e - Starburst             Conj/Fire      40%        6d11      1%          6
f - Ozocubu's Refrigerat  Ice            42%        4d16      28%         7
g - Ignition              Fire           43%        3d12      21%         8

Your spell library contained the following spells:

 Spells                   Type           Power      Damage    Failure   Level
 Sting                    Tmut/Pois      100%       1d8       1%          1
 Summon Small Mammal      Summ           100%       N/A       1%          1
 Poisonous Vapours        Pois/Air       86%        N/A       1%          2
 Call Canine Familiar     Summ           29%        N/A       1%          3
 Dazzling Flash           Conj/Hex       100%       N/A       1%          3
 Inner Flame              Hex/Fire       64%        N/A       1%          3
 Summon Guardian Golem    Hex/Summ       29%        N/A       1%          3
 Animate Armour           Summ/Erth      100%       N/A       1%          4
 Iskenderun's Mystic Bla  Conj/Tloc      56%        2d12      1%          4
 Petrify                  Tmut/Erth      53%        N/A       1%          4
 Freezing Cloud           Conj/Ice/Air   38%        6-21      1%          5
 Cause Fear               Hex            14%        N/A       4%          4
 Orb of Destruction       Conj           36%        9d11      13%         7
 Simulacrum               Ice/Necr       34%        N/A       21%         6
 Spellforged Servitor     Conj/Summ      28%        N/A       56%         7
 Lehudib's Crystal Spear  Conj/Erth      34%        10d9      82%         8
 Discord                  Hex            14%        N/A       100%        8
 Polar Vortex             Ice            42%        N/A       100%        9


Dungeon Overview and Level Annotations

Branches:
Dungeon (12/15) Zot: 6385  Temple (1/1) D:4 Zot: 873    Lair (5/5) D:10 Zot: 3390
  Slime (0/5) Lair:5          Orc (2/2) D:10 Zot: 1685 Ossuary (visited)
  IceCv (visited)
  Swamp: Lair:2-3    Shoals: Lair:2-3     Snake: Lair:2-3    Spider: Lair:2-3
    Elf: Orc:2

Altars:
Ashenzari
Cheibriados
Elyvilon
Fedhas
Hepliaklqana
Kikubaaqudgha
Makhleb
Nemelex Xobeh
Qazlal
Ru
Sif Muna
Trog
Uskayaw
Vehumet
Wu Jian
Xom
Yredelemnul
The Shining One

Shops:
D:9 =

Portals:
Trove: D:12 (give +6 ice dragon scales)
Sewer: D:4

Annotations:
D:4 Pikel
Orc:2 Snorg


Innate Abilities, Weirdness & Mutations

You passively map the area around you.
You are easily found by Zot.
You glow in the dark.
You regain HP and MP as you explore.


Message History

The molten gargoyle is heavily damaged.
The komodo dragon hisses angrily.
The komodo dragon is almost dead.
The komodo dragon seems to slow down.
The komodo dragon hisses angrily.
The komodo dragon is almost dead.
The komodo dragon is moderately wounded.
A molten gargoyle comes into view. It is wielding a +0 mace.
The molten gargoyle misses you.
Casting: Ozocubu's Refrigeration (quite dangerous; 28% risk of failure)
Confirm with . or Enter, or press ? or * to list all spells.
You feel a surge of power!
You miscast Ozocubu's Refrigeration.
You are caught in an explosion of ice and frost!
You resist.
The molten gargoyle blasts magma at you!
The bolt of magma hits the molten gargoyle!
The molten gargoyle partially resists.
The bolt of magma misses you.
The molten gargoyle blasts magma at you!
The bolt of magma hits you!! The lava burns you terribly!
Casting: Ozocubu's Refrigeration (quite dangerous; 28% risk of failure)
Confirm with . or Enter, or press ? or * to list all spells.
Aiming: Passwall (safe; 1% risk of failure)
Press: ? - help, Dir - move target A rock wall.
This square is lit by a halo.
The molten gargoyle barely misses you.
You begin to meditate on the wall.
You continue meditating on the rock.
The molten gargoyle blasts magma at you!
The bolt of magma hits you! The lava burns you terribly!
* * * LOW HITPOINT WARNING * * *
You continue meditating on the rock.
The molten gargoyle blasts magma at you!
The bolt of magma hits you! The lava burns you terribly!
* * * LOW HITPOINT WARNING * * *
You continue meditating on the rock.
The molten gargoyle misses you.
You continue meditating on the rock.
The molten gargoyle blasts magma at you!
The bolt of magma hits you! The lava burns you terribly!
You die...

...#(##
##...### ,
....##
###†..## ,
.....## *
##...## ,
.###..#
*##..P#
P##...#
##..# ,,
##....#
####
...#### *
, * ...# ,
, * ### *
, #..#* *
, , #@# ~
~ , #### 8
,,....l9##
** ,
....ll **
, * 8
#..... ,
,,
,#.....*~
~ * * *8,
, §.....*
* * , * *
§...#. * ,
~~~ , * ~
~ ~~~ ,,~
,


You could see 3 komodo dragons and a molten gargoyle.

Vanquished Creatures
  Josephine (Lair:3)
  2 boulder beetles
  4 hydras
  Fannar (D:10)
  2 two-headed ogres
  A death yak (D:11)
  An ugly thing (IceCv)
  A manticore (D:12)
  2 cyclopes
  Maurice (D:8)
  A black mamba (Lair:2)
  2 cane toads
  3 ice statues (IceCv)
  A torpor snail (Lair:1)
  A rime drake (Lair:2)
  9 komodo dragons
  A freezing wraith (IceCv)
  4 polar bears
  4 trolls
  4 blink frogs
  Grinder (D:3)
  3 dream sheep
  A shadow (D:11)
  2 centaur simulacra (D:11)
  2 vampires
  3 wyverns
  5 wraiths (Lair:3)
  A dire elephant simulacrum (IceCv)
  40 yaks
  A basilisk (Lair:3)
  Menkaure (D:5)
  A harpy simulacrum (IceCv)
  A warg (Orc:1)
  An acid dragon (D:9)
  4 water moccasins
  A swamp drake (D:10)
  8 orc warriors
  4 ice beasts
  An ogre (Orc:2)
  8 wolves
  6 centaurs
  A lemure (D:3)
  2 kobold brigands
  4 bullfrogs (Lair:2)
  A necrophage (D:7)
  A cane toad simulacrum (IceCv)
  10 killer bees
  A howler monkey (D:9)
  An electric eel (D:11)
  A hound (D:7)
  10 jellies
  7 orc priests
  Natasha (twice) (D:2)
  An iguana (D:5)
  4 orc wizards
  A polar bear simulacrum (IceCv)
  3 wolf simulacra (IceCv)
  8 mummies (Ossuary)
  6 gnolls
  4 adders
  A shadow imp (D:8)
  7 white imps
  An ufetubus (D:11)
  2 dart slugs
  25 orcs
  4 bats
  4 endoplasms
  2 giant cockroaches
  6 goblins
  3 hobgoblins
  7 jackals (D:3)
  4 quokkas
  7 ball pythons
  4 frilled lizards
  2 gnoll zombies (Ossuary)
  2 hobgoblin zombies (Ossuary)
  10 kobolds
  3 kobold zombies (Ossuary)
  An orc zombie (Ossuary)
  4 rats
308 creatures vanquished.

Vanquished Creatures (others)
  22 fungi
  18 plants
40 creatures vanquished.

Grand Total: 348 creatures vanquished

Notes
Turn   | Place    | Note
-------+----------+-------------------------------------------
     0 | D:1      | FexLirch the Meteoran Earth Elementalist began the quest
                  | for the Orb.
     0 | D:1      | Reached XP level 1. HP: 14/14 MP: 5/5
    76 | D:1      | Reached XP level 2. HP: 20/20 MP: 4/6
    83 | D:1      | Reached skill level 3 in Spellcasting
    84 | D:1      | Reached skill level 1 in Conjurations
    92 | D:2      | Reached XP level 3. HP: 26/26 MP: 2/8
    95 | D:2      | Learned a level 2 spell: Passwall
    99 | D:2      | Learned a level 3 spell: Stone Arrow
   141 | D:2      | Noticed Natasha
   155 | D:2      | Killed Natasha
   156 | D:2      | Reached XP level 4. HP: 20/33 MP: 2/10
   165 | D:2      | Learned a level 4 spell: Olgreb's Toxic Radiance
   327 | D:2      | Found a faded altar of an unknown god.
   373 | D:2      | Noticed Natasha
   377 | D:2      | Killed Natasha
   378 | D:2      | Reached skill level 1 in Poison Magic
   378 | D:2      | Reached XP level 5. HP: 38/38 MP: 6/11
   453 | D:3      | Found a blossoming altar of Fedhas.
   561 | D:3      | Reached skill level 4 in Spellcasting
   697 | D:3      | Noticed Grinder
   703 | D:3      | Killed Grinder
   704 | D:3      | Reached skill level 5 in Earth Magic
   704 | D:3      | Reached XP level 6. HP: 45/45 MP: 5/14
   734 | D:4      | Found a glowing drain.
   741 | D:4      | Noticed Pikel
   810 | D:5      | Entered Level 5 of the Dungeon
   885 | D:5      | Reached XP level 7. HP: 50/50 MP: 5/15
   897 | D:5      | Reached skill level 5 in Spellcasting
   898 | D:5      | Noticed Menkaure
   955 | D:5      | Killed Menkaure
   963 | D:6      | Found the +5 robe of Misfortune {Harm *Corrode *Slow EV+5}
   985 | D:4      | Identified the +7 falchion "Neirresa" {spect, Dex+3}
   989 | D:4      | Found a staircase to the Ecumenical Temple.
   998 | Temple   | Entered the Ecumenical Temple
  1008 | Temple   | Became a worshipper of Cheibriados the Contemplative
  1119 | D:6      | Reached skill level 6 in Spellcasting
  1119 | D:6      | Reached XP level 8. HP: 55/57 MP: 15/18
  1177 | D:7      | Found a hide-covered altar of Uskayaw.
  1177 | D:7      | Found a white marble altar of Elyvilon.
  1267 | D:7      | Noticed a troll
  1269 | D:7      | Killed a troll
  1270 | D:7      | Reached skill level 7 in Spellcasting
  1280 | D:7      | Found a sand-covered staircase.
  1286 | Ossuary  | Entered an ossuary
  1319 | Ossuary  | Reached skill level 8 in Spellcasting
  1606 | D:10     | Entered Level 10 of the Dungeon
  1640 | D:9      | Reached * piety under Cheibriados
  1642 | D:9      | Gained mutation: You passively map the area around you.
                  | [Meteoran growth]
  1642 | D:9      | Reached XP level 9. HP: 59/62 MP: 15/22
  1678 | D:9      | Reached skill level 9 in Spellcasting
  1688 | D:9      | Reached skill level 10 in Spellcasting
  1688 | D:9      | Reached skill level 5 in Fire Magic
  1698 | D:9      | Found Yhots's Jewellery Emporium.
  1701 | D:9      | Bought a ring of wizardry for 390 gold pieces
  1710 | D:9      | Learned a level 6 spell: Starburst
  1750 | D:8      | Noticed Maurice
  1763 | D:8      | Killed Maurice
  1834 | D:7      | Reached skill level 11 in Spellcasting
  1834 | D:7      | Reached XP level 10. HP: 69/69 MP: 19/26
  1913 | D:9      | Reached ** piety under Cheibriados
  1914 | D:9      | Noticed a cyclops
  1919 | D:9      | Reached skill level 5 in Conjurations
  1921 | D:9      | Killed a cyclops
  1922 | D:9      | Reached skill level 12 in Spellcasting
  2184 | D:10     | Noticed a two-headed ogre
  2190 | D:10     | Killed a two-headed ogre
  2191 | D:10     | Found a staircase to the Orcish Mines.
  2195 | Orc:1    | Entered Level 1 of the Orcish Mines
  2196 | Orc:1    | Noticed a cyclops
  2201 | Orc:1    | Killed a cyclops
  2202 | Orc:1    | Reached skill level 13 in Spellcasting
  2202 | Orc:1    | Reached XP level 11. HP: 53/74 MP: 13/29
  2227 | Orc:1    | Reached *** piety under Cheibriados
  2260 | Orc:2    | Entered Level 2 of the Orcish Mines
  2263 | Orc:2    | Noticed a centaur warrior
  2265 | Orc:2    | Noticed Snorg
  2313 | D:10     | Noticed Fannar
  2319 | D:10     | Killed Fannar
  2320 | D:10     | Reached skill level 14 in Spellcasting
  2384 | D:11     | Noticed a two-headed ogre
  2388 | D:11     | Killed a two-headed ogre
  2617 | D:12     | Noticed a manticore
  2621 | D:12     | Killed a manticore
  2622 | D:12     | Reached skill level 1 in Fighting
  2626 | D:12     | Noticed a six-headed hydra
  2632 | D:12     | Killed a six-headed hydra
  2632 | D:12     | Reached **** piety under Cheibriados
  2695 | D:12     | Found a frozen archway.
  2702 | IceCv    | Entered an ice cave
  2743 | IceCv    | Reached skill level 1 in Ice Magic
  2746 | IceCv    | Noticed an ice statue
  2746 | IceCv    | Noticed an ice statue
  2750 | IceCv    | Killed an ice statue
  2751 | IceCv    | Reached XP level 12. HP: 61/85 MP: 5/31
  2779 | IceCv    | Identified the +4 spear of the Pariah {vorpal, rN+ rCorr
                  | Str+2}
  2864 | D:12     | Found a portal to a secret trove of treasure.
  2935 | D:11     | Reached skill level 15 in Spellcasting
  2957 | D:11     | Reached skill level 5 in Dodging
  2958 | D:11     | Reached ***** piety under Cheibriados
  2959 | D:11     | Reached skill level 5 in Ice Magic
  2961 | D:11     | Noticed a death yak
  3021 | D:11     | Reached skill level 1 in Invocations
  3081 | D:11     | Killed a death yak
  3122 | D:11     | Learned a level 7 spell: Ozocubu's Refrigeration
  3131 | D:11     | Learned a level 8 spell: Ignition
  3339 | D:10     | Found a staircase to the Lair.
  3364 | Lair:1   | Entered Level 1 of the Lair of Beasts
  3446 | Lair:1   | Found a hide-covered altar of Uskayaw.
  3447 | Lair:1   | Noticed a boulder beetle
  3452 | Lair:1   | Killed a boulder beetle
  3453 | Lair:1   | Reached XP level 13. HP: 99/99 MP: 12/33
  3453 | Lair:1   | Found an ornate altar of the Wu Jian Council.
  3469 | Lair:2   | Noticed a boulder beetle
  3479 | Lair:2   | Killed a boulder beetle
  3480 | Lair:2   | Reached skill level 10 in Fire Magic
  3718 | Lair:2   | Reached skill level 16 in Spellcasting
  3727 | Lair:3   | Noticed a six-headed hydra
  3732 | Lair:3   | Killed a six-headed hydra
  3742 | Lair:3   | Noticed Josephine
  3748 | Lair:3   | Killed Josephine
  3749 | Lair:3   | Reached skill level 5 in Invocations
  3792 | Lair:4   | Reached ****** piety under Cheibriados
  3843 | Lair:5   | Entered Level 5 of the Lair of Beasts
  3853 | Lair:5   | Noticed an eight-headed hydra
  3857 | Lair:5   | Killed an eight-headed hydra
  3912 | Lair:5   | Reached XP level 14. HP: 94/105 MP: 16/35
  3922 | Lair:5   | Reached skill level 17 in Spellcasting
  3922 | Lair:5   | Found a staircase to the Slime Pits.
  4019 | Lair:5   | Killed from afar by a molten gargoyle

Illustrated notes

Levels and vault maps discovered:
D:1:      sevenhm_arrival_forest_fort_small_3, layout_loops_ring, serial_shops,
          nicolae_shop_waterfront
D:2:      layout_basic, shapermc_ecumenical_altar_totnotflames, uniq_terence,
          uniq_natasha
D:3:      minmay_door_path, layout_loops_ring, fedhas_altar_fruit_tree,
          uniq_grinder
D:4:      layout_loops_ring, lemuel_coloured_pillars_altar,
          minmay_temple_entry_trees, cheibrodos_sewer_entry_sluice,
          minmay_pentangle, uniq_pikel
D:5:      layout_basic, grunt_ministairs_6, uniq_menkaure
D:6:      layout_gridville
D:7:      minmay_cornered_nines, layout_loops_corners,
          chequers_temple_overflow_statue_of_worship,
          nicolae_ossuary_entry_monument, kennysheep_generic_room_6
D:8:      layout_loops_ring, serial_park_tiny_2, uniq_joseph, uniq_maurice,
          uniq_prince_ribbit1
D:9:      layout_roguey, enter_bailey_5, serial_shops,
          nicolae_shop_behind_doors, minmay_fractal_squares_diagonal_5
D:10:     layout_basic, erik_lair_dragon, orc_0_dummy, uniq_fannar
D:11:     layout_grid_maze, serial_ice, serial_ice_n, serial_ice_a,
          serial_ice_i, serial_ice_h, serial_ice_m, serial_ice_f, serial_ice_b,
          serial_ice_o
D:12:     layout_irregular_city, portal_ice_cave_entry_pillars_1,
          nicolae_trove_entry_crossroad, uniq_kirke
Temple:   dpeg_three_leaves_temple
Lair:1:   layout_cellular_growth, nzn_masters_of_martial_movement,
          serial_bayou_shore_a
Lair:2:   layout_loops_ring, minmay_swamp_entry_swarm, spider_nest_entry_webs,
          beast_lair_carwin_8
Lair:3:   layout_cave_pods, uniq_josephine
Lair:4:   nzn_motion_control, layout_misc_corridors
Lair:5:   cheibrodos_lair_end_hotspot, layout_layer_cave,
          minmay_slime_entry_jelly_boxes
Orc:1:    layout_caves, basic_altar
Orc:2:    st_orc_rangers, layout_caves, uniq_snorg, uniq_nessos

Skill      XL: |  1  2  3  4  5  6  7  8  9 10 11 12 13 14 |
---------------+-------------------------------------------+-----
Spellcasting   | 3 4 6 8 11 13 14 15 16 17 | 17.1
Conjurations   | 1 2 3 4 6 8 |  8.3
Earth Magic    | 4 5 6 |  6.0
Poison Magic   | 1 2 3 4 |  4.0
Fire Magic     | 3 6 8 9 12 | 12.2
Fighting       | 2 4 |  4.5
Dodging        | 3 6 8 |  8.2
Ice Magic      | 1 6 |  6.3
Invocations    | 3 6 |  6.7
Stealth        | |  1.4
Transmutations | |  1.2

Action                   |  1- 3 |  4- 6 |  7- 9 | 10-12 | 13-15 || total
-------------------------+-------+-------+-------+-------+-------++-------
Melee: Short sword       |       |     2 |       |       |       ||     2
       Dagger            |       |     4 |     4 |       |       ||     8
       Falchion          |       |       |    10 |     4 |    45 ||    59
       Staff             |       |       |       |       |     1 ||     1
Throw: Javelin           |       |     3 |       |       |       ||     3
 Cast: Sandblast         |    21 |    45 |    61 |    11 |     2 ||   140
       Stone Arrow       |       |    20 |    30 |    73 |    20 ||   143
       Passwall          |       |     1 |     3 |     9 |     4 ||    17
       Olgreb's Toxic Ra |       |       |    10 |    32 |    10 ||    52
       Starburst         |       |       |       |    31 |    18 ||    49
       Ignition          |       |       |       |     1 |     3 ||     4
       Ozocubu's Refrige |       |       |       |       |     2 ||     2
Evoke: Lightning rod     |       |       |       |     3 |       ||     3
       Wand              |       |       |       |       |     1 ||     1
  Use: Potion            |       |     1 |     1 |     2 |       ||     4
       Scroll            |       |       |     5 |     5 |     1 ||    11
 Stab: Distracted        |       |       |       |       |     1 ||     1
Armor: Robe              |       |    21 |    15 |    19 |     9 ||    64
Dodge: Dodged            |     2 |    28 |    49 |    63 |    94 ||   236
